 Dungeon Crawl Stone Soup version 0.19.0-2-gae57169 (webtiles) character file.

4965 Patchouli the Thaumaturge (level 10, -5/54 HPs)
             Began as a Deep Elf Fire Elementalist on Nov 4, 2016.
             Was a Believer of Sif Muna.
             Slain by a cyan ugly thing (10 damage)
             ... on level 8 of the Dungeon on Nov 5, 2016.
             The game lasted 00:41:42 (6264 turns).

Patchouli the Thaumaturge (DEFE)                    Turns: 6264, Time: 00:41:43

Health: -5/54      AC:  6    Str:  5    XL:     10   Next: 28%
Magic:  33/40      EV: 17    Int: 24    God:    Sif Muna [**....]
Gold:   484        SH:  0    Dex: 15    Spells: 8 memorised, 3 levels left

rFire  . . .     SeeInvis .     r - staff of power
rCold  + . .     Gourm    .     m - +2 robe {rC+}
rNeg   . . .     Faith    .     (no shield)
rPois  .         Spirit   .     p - +2 hat
rElec  .         Reflect  .     (no cloak)
rCorr  .         Harm     .     (no gloves)
MR     +....                    (no boots)
Stlth  ++........               (no amulet)
                                (no ring)
                                (no ring)

@: studying 2 skills, divine energy
A: no striking features
a: Stop Divine Energy, Renounce Religion


You were on level 8 of the Dungeon.
You worshipped Sif Muna.
Sif Muna was pleased with you.
You were not hungry.

You visited 2 branches of the dungeon, and saw 9 of its levels.
You also visited: Ossuary and Bailey.

You collected 484 gold pieces.

Inventory:

Hand Weapons
 u - a +1 spear of piercing
Armour
 a - a +1 robe
 m - a +2 robe of cold resistance (worn)
 p - a +2 hat (worn)
Magical Staves
 r - an uncursed staff of power (weapon)
Wands
 e - a wand of random effects (18/48)
 i - a wand of iceblast (11/15)
Scrolls
 g - a scroll of teleportation
 j - 5 scrolls of identify
 k - 3 scrolls of enchant weapon
 o - 3 scrolls of enchant armour
 v - a scroll of blinking
 x - 2 scrolls of immolation
Potions
 h - 2 potions of mutation
 n - 2 potions of haste
 q - 2 potions of flight
Books
 b - a book of Flames

   Spells                             Type                      Level
   a - Flame Tongue                   Conjuration/Fire             1
   b - Throw Flame                    Conjuration/Fire             2
   c - Conjure Flame                  Conjuration/Fire             3
   d - Inner Flame                    Hexes/Fire                   3
   e - Sticky Flame                   Conjuration/Fire             4
   f - Fireball                       Conjuration/Fire             5
 d - a book of Frost

   Spells                             Type                      Level
   a - Freeze                         Ice                          1
   b - Throw Frost                    Conjuration/Ice              2
   c - Ozocubu's Armour               Charms/Ice                   3
   d - Throw Icicle                   Conjuration/Ice              4
   e - Summon Ice Beast               Ice/Summoning                4
 s - a manual of Fighting
 t - a book of Clouds

   Spells                             Type                      Level
   a - Mephitic Cloud                 Conjuration/Poison/Air       3
   b - Conjure Flame                  Conjuration/Fire             3
   c - Poisonous Cloud                Conjuration/Poison/Air       6
   d - Freezing Cloud                 Conjuration/Ice/Air          6
   e - Ring of Flames                 Charms/Fire                  7
 w - a manual of Shields
Comestibles
 c - 5 bread rations
 f - 2 meat rations
 l - a beef jerky
 z - a royal jelly


   Skills:
 * Level 2.5 Fighting
 - Level 8.0 Dodging
 - Level 2.4 Stealth
 * Level 9.3 Spellcasting
 * Level 7.7 Conjurations
 - Level 4.2 Hexes
 * Level 1.5 Charms
 * Level 3.5 Summonings
 * Level 8.4 Fire Magic
 * Level 3.8 Ice Magic


You had 3 spell levels left.
You knew the following spells:

 Your Spells              Type           Power        Failure   Level  Hunger
a - Flame Tongue          Conj/Fire      #####        1%          1    None
b - Freeze                Ice            ####         1%          1    None
c - Conjure Flame         Conj/Fire      #####...     1%          3    None
e - Summon Ice Beast      Ice/Summ       ####....     14%         4    ##.....
f - Fireball              Conj/Fire      #####.....   8%          5    ####...
i - Inner Flame           Hex/Fire       #####...     1%          3    None
q - Ozocubu's Armour      Chrm/Ice       ###.....     10%         3    None
s - Sticky Flame          Conj/Fire      #####...     2%          4    ##.....


Dungeon Overview and Level Annotations

Branches:
Dungeon (8/15)             Temple (1/1) D:7
   Lair: D:8-11

Altars:
Ashenzari
Cheibriados
Dithmenos
Elyvilon
Fedhas
Gozag
Hepliaklqana
Kikubaaqudgha
Makhleb
Okawaru
Qazlal
Ru
Sif Muna
Vehumet
Xom
Yredelemnul
Zin

Shops:
D:5 :


Message History

The cyan ugly thing is lightly wounded.
The cyan ugly thing is covered in liquid flames!
The cyan ugly thing burns!
The cyan ugly thing bites you! The cyan ugly thing shocks you!
The cyan ugly thing burns!
The cyan ugly thing burns!
The cyan ugly thing burns!
The cyan ugly thing stops burning.
Casting: Sticky Flame
Confirm with . or Enter, or press ? or * to list all spells.
Aiming: Sticky Flame
Press: ? - help, Shift-Dir - straight line, f/p - cyan ugly thing
Aim: a cyan ugly thing (moderately wounded)
The sticky flame hits the cyan ugly thing.
The cyan ugly thing is heavily wounded.
The cyan ugly thing is covered in liquid flames!
The cyan ugly thing burns!
The cyan ugly thing bites you! The cyan ugly thing shocks you!
* * * LOW HITPOINT WARNING * * *
The cyan ugly thing burns!
The cyan ugly thing bites you!
You die...

####
##.#.#.....
#..#
#.#.#.....
..#
#.#.###...
#.#
#.#.###.#.
##.#
#.#.#...#.
#..#
#.#.#.###.
#.## #.#...#
#. ###u#
#.#...# #.
#.@.# #.#(..#
#. ##.###
##..%#.# #.
#..#
#...##.###.
#.##
###..###...#.
#.# #....#
###.#. #.#
##.##.# #...
#.# #..##.#
##.. #.#
#.###.# #..
## #.# #.#
#.# #..


You could see a cyan ugly thing (burning).

Vanquished Creatures
  2 hippogriffs
  Grinder (D:5)
  A vampire mosquito (D:7)
  Menkaure (D:5)
  12 orc warriors
  A sky beast (D:6)
  2 ogres
  A phantom (D:7)
  13 centaurs
  A big kobold (D:7)
  Blork the orc (D:6)
  2 bullfrogs (D:7)
  A scorpion (D:6)
  6 killer bees (D:8)
  5 wights (D:8)
  A howler monkey (D:7)
  A crimson imp (D:5)
  3 centaur zombies (Ossuary)
  A quasit (D:6)
  3 bullfrog zombies
  A bullfrog skeleton (D:5)
  3 orc wizards
  A human zombie (Ossuary)
  An orc priest (D:6)
  6 worker ants
  An iguana (D:4)
  A hound zombie (D:6)
  A mummy (Ossuary)
  2 hound skeletons
  A howler monkey zombie (D:5)
  2 adders (D:8)
  A gnoll (D:5)
  2 shadow imps
  An adder zombie (D:7)
  5 adder skeletons
  3 dart slugs
  4 leopard geckos
  28 orcs
  4 bats
  2 giant cockroaches
  4 goblins
  4 hobgoblins
  3 jackals (D:6)
  5 kobolds
  3 quokkas
  3 frilled lizards
  A leopard gecko skeleton (D:4)
  3 rats
155 creatures vanquished.

Notes
Turn   | Place    | Note
-------+----------+-------------------------------------------
     0 | D:1      | Patchouli the Deep Elf Fire Elementalist began the quest for the Orb.
     0 | D:1      | Reached XP level 1. HP: 10/10 MP: 6/6
    76 | D:1      | Reached XP level 2. HP: 15/15 MP: 0/8
   535 | D:2      | Found an ancient bone altar of Kikubaaqudgha.
   623 | D:1      | Reached XP level 3. HP: 14/19 MP: 6/10
   703 | D:3      | Learned a level 3 spell: Conjure Flame
   707 | D:3      | Learned a level 3 spell: Inner Flame
   801 | D:3      | Found a glowing silver altar of Zin.
   935 | D:4      | Reached XP level 4. HP: 11/24 MP: 4/11
  1008 | D:5      | Entered Level 5 of the Dungeon
  1008 | D:5      | Found Noillaf's Book Shop.
  1017 | D:5      | Noticed a centaur
  1105 | D:5      | Reached skill level 4 in Spellcasting
  1111 | D:5      | Reached XP level 5. HP: 9/28 MP: 0/13
  1215 | D:5      | Learned a level 4 spell: Sticky Flame
  1509 | D:5      | Noticed Grinder
  1517 | D:5      | Killed Grinder
  1517 | D:5      | Reached skill level 5 in Spellcasting
  1517 | D:5      | Reached XP level 6. HP: 32/32 MP: 10/16
  1600 | D:5      | Learned a level 1 spell: Freeze
  1749 | D:5      | Reached skill level 5 in Dodging
  1749 | D:5      | Reached XP level 7. HP: 36/36 MP: 4/17
  1889 | D:5      | Noticed Menkaure
  1894 | D:5      | Killed Menkaure
  1894 | D:5      | Reached skill level 5 in Fire Magic
  2193 | D:6      | Reached skill level 6 in Spellcasting
  2274 | D:6      | Found a shadowy altar of Dithmenos.
  2274 | D:6      | Found a hazy altar of Hepliaklqana.
  2275 | D:6      | Found a shimmering altar of Xom.
  2569 | D:6      | Reached skill level 5 in Conjurations
  2606 | D:6      | Reached XP level 8. HP: 41/41 MP: 6/20
  2675 | D:6      | Learned a level 5 spell: Fireball
  3005 | D:6      | Reached skill level 7 in Spellcasting
  3373 | D:6      | Noticed Blork the orc
  3377 | D:6      | Killed Blork the orc
  3517 | D:7      | Noticed a hippogriff
  3529 | D:7      | Killed a hippogriff
  3646 | D:7      | Reached skill level 8 in Spellcasting
  3732 | D:7      | Found a white marble altar of Elyvilon.
  3777 | D:7      | Reached XP level 9. HP: 32/46 MP: 16/23
  3832 | D:7      | Found a sand-covered staircase.
  3846 | D:7      | Reached skill level 1 in Fighting
  3869 | Ossuary  | Entered an ossuary
  4061 | D:7      | Found a staircase to the Ecumenical Temple.
  4070 | Temple   | Entered the Ecumenical Temple
  4152 | Temple   | Became a worshipper of Sif Muna the Loreminder
  4184 | D:7      | Found a flagged portal.
  4218 | D:7      | Learned a level 4 spell: Summon Ice Beast
  4219 | Bailey   | Entered a bailey
  4232 | Bailey   | Reached skill level 1 in Hexes
  4429 | Bailey   | Reached skill level 1 in Summonings
  4540 | Bailey   | Reached * piety under Sif Muna
  4540 | Bailey   | Reached skill level 1 in Ice Magic
  5033 | Bailey   | Reached skill level 9 in Spellcasting
  5313 | Bailey   | Reached ** piety under Sif Muna
  5313 | Bailey   | Reached XP level 10. HP: 52/52 MP: 25/25
  5509 | D:8      | Learned a level 3 spell: Ozocubu's Armour
  5542 | D:8      | Reached skill level 1 in Charms
  6257 | D:8      | Noticed a cyan ugly thing
  6264 | D:8      | Slain by a cyan ugly thing

Skill      XL: |  1  2  3  4  5  6  7  8  9 10 |
---------------+-------------------------------+-----
Dodging        | 3 4 5 6 7 8 |  8.0
Conjurations   | 2 3 4 5 6 7 |  7.7
Spellcasting   | 4 5 6 8 9 |  9.3
Fire Magic     | 4 5 7 8 |  8.4
Fighting       | 1 2 |  2.5
Hexes          | 4 |  4.2
Summonings     | 2 3 |  3.5
Ice Magic      | 3 |  3.8
Charms         | 1 |  1.5
Stealth        | |  2.4

Action                   |  1- 3 |  4- 6 |  7- 9 | 10-12 || total
-------------------------+-------+-------+-------+-------++-------
Melee: Unarmed           |     1 |    12 |     3 |       ||    16
 Cast: Flame Tongue      |    54 |    41 |   161 |    19 ||   275
       Conjure Flame     |     1 |     6 |    23 |     2 ||    32
       Inner Flame       |       |     3 |     7 |     1 ||    11
       Freeze            |       |     5 |       |       ||     5
       Sticky Flame      |       |       |    14 |     8 ||    22
       Fireball          |       |       |    28 |    10 ||    38
       Ozocubu's Armour  |       |       |       |     1 ||     1
Invok: Divine Energy     |       |       |       |     1 ||     1
Evoke: Wand              |       |       |     1 |       ||     1
  Use: Scroll            |       |     4 |     9 |       ||    13
       Potion            |       |       |     3 |     7 ||    10
  Eat: Chunk             |       |     3 |    17 |     4 ||    24
       Pizza             |       |       |     1 |       ||     1
       Beef jerky        |       |       |       |     1 ||     1
Armor: Robe              |     2 |     4 |     8 |     1 ||    15
Dodge: Dodged            |     8 |    25 |    65 |    13 ||   111
